 Dungeon Crawl Stone Soup version 0.28-a0-464-g0687ed5 (webtiles) character file.

Game seed: 8650360630489543525

1187 Illumine the Magician (level 8, -24/48 HPs)
             Began as a Deep Elf Cinder Acolyte on Sept 13, 2021.
             Was a Priest of Ignis.
             Annihilated by an ogre (34 damage)
             ... on level 5 of the Dungeon on Sept 14, 2021.
             The game lasted 00:11:32 (6877 turns).

Illumine the Magician (Deep Elf Cinder Acolyte)     Turns: 6877, Time: 00:11:33

Health: -24/48     AC:  3    Str: 11    XL:     8   Next: 19%
Magic:  19/19      EV: 11    Int: 22    God:    Ignis [***...]
Gold:   270        SH:  0    Dex: 10    Spells: 6/19 levels left

rFire   + . .      SeeInvis .   d - staff of cold
rCold   + . .      Faith    .   (no shield)
rNeg    . . .      Spirit   .   b - +0 robe
rPois   .          Reflect  .   n - +0 hat
rElec   .          Harm     .   (no cloak)
rCorr   +          Rampage  .   t - +0 pair of gloves
Will    .....                   (no boots)
Stlth   +.........              x - amulet of magic regeneration
HPRegen 0.16/turn               u - ring of resist corrosion
MPRegen 0.41/turn               (no ring)

@: rising, flying
A: no striking features
a: Renounce Religion, Sea of Fire, Foxfire Swarm, Rising Flame


You were on level 5 of the Dungeon.
You worshipped Ignis.
Ignis was most pleased with you.
You visited 1 branch of the dungeon, and saw 6 of its levels.

You collected 270 gold pieces.

Inventory:

Hand Weapons
 a - a -1 short sword of flaming
 m - a +2 vorpal flail
Missiles
 i - 222 stones (quivered)
Armour
 b - a +0 robe (worn)
 c - a +0 pair of gloves
 n - a +0 hat (worn)
 t - a +0 pair of gloves (worn)
Magical Staves
 d - a staff of cold (weapon)
Jewellery
 u - a ring of resist corrosion (left hand)
 v - an amulet of faith
 x - an amulet of magic regeneration (around neck)
Scrolls
 f - a scroll of enchant armour {unknown}
 g - 3 scrolls of identify {unknown}
 h - a scroll of fog {unknown}
 o - 2 scrolls of magic mapping {unknown}
 p - a scroll of fear {unknown}
 q - a scroll of noise {unknown}
 r - a scroll of blinking {unknown}
Potions
 e - a potion of attraction {unknown}
 j - a potion of degeneration {unknown}
 k - 2 potions of haste {unknown}
 l - a potion of might {unknown}
 s - a potion of brilliance {unknown}
 w - 2 potions of heal wounds {unknown}


   Skills:
 + Level 3.8 Fighting
 - Level 3.0 Short Blades
 + Level 2.2 Staves
 - Level 1.0 Dodging
 + Level 6.2 Spellcasting
 * Level 1.8 Conjurations
 + Level 6.0 Fire Magic
 + Level 4.7 Ice Magic
 + Level 2.6 Evocations


You had 6 spell levels left.
You knew the following spells:

 Your Spells              Type           Power      Damage    Failure   Level
a - Scorch                Fire           66%        2d8       1%          2
b - Frozen Ramparts       Ice            82%        1d10      3%          3
c - Hailstorm             Conj/Ice       31%        3d8       24%         4
d - Sticky Flame          Conj/Fire      24%        2d5       19%         4

Your spell library contained the following spells:

 Spells                   Type           Power      Damage    Failure   Level
 Freeze                   Ice            100%       1d11      1%          1
 Conjure Flame            Conj/Fire      24%        6-21      5%          3
 Ignite Poison            Fire/Tmut/Pois 15%        N/A       12%         3


Dungeon Overview and Level Annotations

Branches:
Dungeon (6/15)             Temple (0/1) D:5

Altars:

Shops:
D:1 [

Annotations:
D:6 Sigmund


Message History

The necrophage hits you.
You feel drained.
You climb upwards.
There is a stone staircase leading down here.
Casting: Scorch (safe; 1% risk of failure)
Confirm with . or Enter, or press ? or * to list all spells.
Flames lash the necrophage.
The necrophage is moderately damaged.
The necrophage's fire resistance burns away.
The necrophage barely misses you.
Unknown command.
Casting: Scorch (safe; 1% risk of failure)
Confirm with . or Enter, or press ? or * to list all spells.
Flames lash the necrophage.
The necrophage is burned terribly!
You destroy the necrophage!
Your life force feels restored.
Your Fire Magic skill increases to level 6!
Unknown command.
Unknown command.
You start resting.
Magic restored.
You start resting.
HP restored.
You climb downwards.
Level annotation: Sigmund A necrophage comes into view.
The ogre hits you with a +0 giant spiked club!
There is a stone staircase leading up, spattered with blood here.
The ogre hits you with a +0 giant spiked club!!
Ouch! That really hurt!
* * * LOW HITPOINT WARNING * * *
The necrophage closely misses you.
You climb upwards.
There is a stone staircase leading down here.
Unknown command.
Okay, then.
Okay, then.
You begin to rise into the air.
The necrophage misses you.
The ogre hits you with a +0 giant spiked club!!
Ouch! That really hurt!
You die...

#.# ####### #.# #.....#
#.#
###.##############.#######
#.....................##
#.############..........
#.# ########.......... #.#
#On............... #.#
#@รท...............
#.#####.#####...........
#.......#####...........
#######.#...............
#.#.####.......... #.#.#
#..........
#.#.############+#
#.................
###.############..


You could see an ogre and a necrophage.

Vanquished Creatures
  A black bear (D:5)
  A hornet zombie (D:5)
  A necrophage (D:5)
  An ogre (D:5)
  2 scorpions
  2 water moccasin skeletons
  2 howler monkeys
  3 hounds
  A bullfrog zombie (D:5)
  3 bullfrog skeletons
  2 iguanas
  A gnoll shaman (D:5)
  A killer bee zombie (D:6)
  A hound zombie (D:4)
  8 gnolls
  A howler monkey skeleton (D:3)
  5 adders
  An adder skeleton (D:4)
  A worm (D:2)
  6 dart slugs
  2 orcs
  6 bats
  7 endoplasms
  4 giant cockroaches
  3 goblins
  10 hobgoblins
  6 jackals
  4 kobolds
  7 quokkas
  7 ball pythons
  10 frilled lizards
  4 rats
114 creatures vanquished.

Vanquished Creatures (others)
  30 foxfires
30 creatures vanquished.

Grand Total: 144 creatures vanquished

Notes
Turn   | Place    | Note
-------+----------+-------------------------------------------
     0 | D:1      | Illumine the Deep Elf Cinder Acolyte began the quest for
                  | the Orb.
     0 | D:1      | Reached XP level 1. HP: 13/13 MP: 5/5
     4 | D:1      | Found Vuchicy's Antique Armour Emporium.
   394 | D:1      | Reached XP level 2. HP: 17/18 MP: 7/7
   398 | D:1      | Learned a level 2 spell: Scorch
   919 | D:1      | Reached XP level 3. HP: 13/22 MP: 1/9
  1641 | D:1      | Reached XP level 4. HP: 10/27 MP: 2/11
  2601 | D:2      | Learned a level 3 spell: Frozen Ramparts
  3211 | D:3      | Reached XP level 5. HP: 31/31 MP: 10/13
  3241 | D:3      | Found a faded altar of an unknown god.
  3451 | D:3      | Reached skill level 1 in Ice Magic
  3462 | D:3      | Reached skill level 1 in Dodging
  4004 | D:4      | Reached skill level 5 in Fire Magic
  4216 | D:4      | Reached XP level 6. HP: 27/36 MP: 8/15
  4282 | D:4      | Reached skill level 5 in Spellcasting
  4693 | D:4      | Noticed a yak
  4694 | D:4      | Noticed a yak
  4758 | D:4      | Noticed a yak
  4956 | D:4      | Noticed a yak
  4982 | D:5      | Entered Level 5 of the Dungeon
  5327 | D:5      | Reached skill level 1 in Evocations
  5327 | D:5      | Reached XP level 7. HP: 41/41 MP: 8/17
  5484 | D:5      | Reached skill level 1 in Staves
  5622 | D:5      | Learned a level 4 spell: Hailstorm
  5913 | D:5      | Found a staircase to the Ecumenical Temple.
  6160 | D:6      | Noticed Sigmund
  6292 | D:6      | Reached skill level 1 in Conjurations
  6454 | D:6      | Reached XP level 8. HP: 27/48 MP: 11/19
  6742 | D:5      | Learned a level 4 spell: Sticky Flame
  6877 | D:5      | Annihilated by an ogre

Illustrated notes

Levels and vault maps discovered:
D:1:      dpeg_arrival_arbitrary_c, layout_loops_ring, serial_shops, shop
D:2:      layout_loops_ring, grunt_decor_clamped, st_stairs_3
D:3:      layout_basic, ebering_ecumenical_altar_abandoned
D:4:      layout_layer_cave, overflow_temple_1_default, minmay_bisected,
          uniq_grinder, uniq_crazy_yiuf_cottage
D:5:      layout_basic, minmay_temple_entry_arrows
D:6:      layout_cave_pools, serial_park, serial_park_square3
          [serial_park_minivault_5x5_7], serial_park_fountain,
          serial_park_gazebo [serial_park_minivault_5x5_4],
          serial_park_tiny_pond, serial_park_square1
          [serial_park_minivault_5x5_2], uniq_sigmund

Skill      XL: |  1  2  3  4  5  6  7  8 |
---------------+-------------------------+-----
Spellcasting   | 2 3 4 5 6 |  6.2
Fire Magic     | 4 5 6 |  6.0
Ice Magic      | 2 3 4 |  4.7
Dodging        | 1 |  1.0
Fighting       | 3 |  3.8
Evocations     | 1 2 |  2.6
Staves         | 2 |  2.2
Conjurations   | 1 |  1.8
Short Blades   | |  3.0

Action                   |  1- 3 |  4- 6 |  7- 9 || total
-------------------------+-------+-------+-------++-------
Melee: Short sword       |    34 |       |       ||    34
       Flail             |       |     6 |       ||     6
 Cast: Scorch            |    35 |    92 |    42 ||   169
       Frozen Ramparts   |       |     2 |     1 ||     3
Invok: Foxfire Swarm     |     1 |     1 |       ||     2
       Rising Flame      |       |       |     1 ||     1
Armor: Robe              |     5 |     4 |     5 ||    14
Dodge: Dodged            |    30 |    17 |    15 ||    62

Table legend: (Time is in decaauts)
 A = Elapsed time spent in this place.
 B = Non-inter-level travel time spent in this place.
 C = Inter-level travel time spent in this place.
 D = Time resting spent in this place.
 E = Time spent auto-exploring this place.
 F = Levels seen in this place.
 G = Mean time per level.
                   A        B        C        D        E       F      G
               +--------+--------+--------+--------+--------+-----+--------+
         Total |   6888 |   6471 |    417 |   1768 |   3852 |   6 | 1148.0 |
       Dungeon |   6888 |   6471 |    417 |   1768 |   3852 |   6 | 1148.0 |
               +--------+--------+--------+--------+--------+-----+--------+

Top non-repeatable levels by time:
     D:5: 1742 daAuts
     D:1: 1702 daAuts
     D:3: 1311 daAuts
     D:2: 1161 daAuts
     D:4: 875 daAuts
     D:6: 95 daAuts
